 Dungeon Crawl Stone Soup version 0.18-a0-921-g28655ce (webtiles) character file.

5348 st0uf the Protected (level 10, -2/120 HPs)
             Began as a Formicid Fighter on Dec 27, 2015.
             Was a Priest of Makhleb.
             Slain by a hill giant
             ... wielding a +0 giant club
              (17 damage)
             ... on level 9 of the Dungeon.
             The game lasted 00:43:52 (7458 turns).

st0uf the Protected (Formicid Fighter)              Turns: 7458, Time: 00:43:53

Health: -2/120     AC: 25    Str: 23    XL:     10   Next: 96%
Magic:  10/10      EV:  2    Int:  9    God:    Makhleb [***...]
Gold:   495        SH: 11    Dex: 10    Spells: 0 memorised, 9 levels left

rFire  + . .     SeeInvis .     a - +0 long sword
rCold  . . .     Gourm    .     (armour currently unavailable)
rNeg   + + +     Faith    .     c - +0 shield
rPois  +         Spirit   .     (helmet unavailable)
rElec  .         Dismiss  .     (cloak currently unavailable)
rCorr  .         Reflect  .     (gloves currently unavailable)
SustAt .         Harm     .     (boots currently unavailable)
MR     +....                    i - amulet of regeneration
Stlth  +.........               S - ring of protection from fire
                                o - +2 ring of slaying

@: tree-form, somewhat resistant to hostile enchantments, very unstealthy
A: permanent stasis, dig shafts and tunnels, four strong arms, (antennae 0)
a: Minor Destruction, Lesser Servant of Makhleb, Renounce Religion


You were on level 9 of the Dungeon.
You worshipped Makhleb.
Makhleb was most pleased with you.
You were hungry.
You were a tree.
You visited 1 branch of the dungeon, and saw 9 of its levels.

You collected 495 gold pieces.

Inventory:

Hand Weapons
 a - a +0 long sword (weapon)
Missiles
 H - 2 throwing nets (quivered)
Armour
 c - a +0 shield (worn)
 r - a +0 cloak (melded)
 E - a +0 pair of gloves (melded)
 Q - a +2 plate armour of fire resistance (melded)
Jewellery
 e - an uncursed amulet of faith
 i - an amulet of regeneration (around neck)
 o - a +2 ring of slaying (left branch)
 y - an uncursed ring of wizardry
 S - a ring of protection from fire (right branch)
Wands
 m - a wand of flame (15/48)
 x - a wand of magic darts (34/48)
 A - a wand of draining (6/15)
 D - a wand of enslavement (9/24)
 F - a wand of paralysis (18/24)
 O - a wand of paralysis (15/24)
Scrolls
 g - 9 scrolls of identify
 j - a scroll of noise
 u - a scroll of blinking
 w - a scroll of teleportation
 z - a scroll of remove curse
 G - a scroll of magic mapping {unknown}
 I - a scroll of recharging {unknown}
 M - a scroll of enchant armour {unknown}
 R - 2 scrolls of amnesia {unknown}
Potions
 b - a potion of agility
 d - a potion of mutation {unknown}
 h - a potion of curing {unknown}
 l - a potion of cancellation {unknown}
 p - a potion of heal wounds {unknown}
 t - 2 potions of poison {unknown}
 v - 3 potions of lignification
 B - a potion of degeneration {unknown}
 C - 3 potions of brilliance {unknown}
 J - a potion of resistance {unknown}
 L - a potion of haste {unknown}
Books
 s - a book of Party Tricks

   Spells                             Type                      Level
   a - Summon Butterflies             Summoning                    1
   b - Apportation                    Translocation                1
   c - Tukima's Dance                 Hexes                        3
   d - Alistair's Intoxication        Transmutation/Poison         4
   e - Invisibility                   Hexes                        6
Comestibles
 f - 8 bread rations
 k - 11 fruits
 n - 8 meat rations
 q - a slice of pizza
 K - a chunk of flesh
 N - a beef jerky


   Skills:
 + Level 7.7 Fighting
 + Level 8.3 Long Blades
 + Level 9.2 Armour
 + Level 4.8 Dodging
 - Level 9.0 Shields


You had 9 spell levels left.
You didn't know any spells.

Dungeon Overview and Level Annotations

Branches:
Dungeon (9/15)             Temple (0/1) D:6
   Lair: D:8-11         Orc: D:9-12

Altars:
Cheibriados
Dithmenos
Fedhas
Kikubaaqudgha
Makhleb
Okawaru
Pakellas
Qazlal
Ru
Trog
Xom
Zin
The Shining One


Innate Abilities, Weirdness & Mutations

You are under a permanent stasis effect.
You can dig through walls and to a lower floor.
Your four strong arms can wield two-handed weapons with a shield.
((You have a pair of large antennae on your head (SInv).))


Message History

You hit the hill giant but do no damage.
The hill giant is heavily wounded.
The hill giant hits you with a giant club!
* * * LOW HITPOINT WARNING * * *
You barely miss the hill giant.
The hill giant is heavily wounded.
The hill giant closely misses you.
Drink which item? (? for menu, Esc to quit)
It was a potion of lignification.
You turn into a tree.
Your +0 cloak melds into your body.
Your +0 pair of gloves melds into your body.
Your +2 plate armour of fire resistance melds into your body.
You feel less resistant to fire.
Your roots penetrate the ground.
You hit the hill giant.
The hill giant is heavily wounded.
The hill giant hits you but does no damage.
You slash the hill giant!
The hill giant is almost dead.
The hill giant hits you with a giant club!
You die...

................#
#######.#######.#
#.# #.# ..# #.#
#### #.# #.# #.#
#.# #♣# #C# #.#
#.# #.# #.. ###


You could see a hill giant.

Vanquished Creatures
  Erolcha (D:8)
  Pikel (D:4)
  The ghost of Duffy the Magician, a novice HEFE of Cheibriados (D:5)
  The ghost of bsdbeard the Transmogrifier, a novice OpTm (D:6)
  Psyche (D:8)
  A merfolk (D:9)
  2 trolls (D:9)
  The ghost of bsdbeard the Insei, an amateur OpTm (D:4)
  Sigmund (D:3)
  Edmund (D:4)
  An orc warrior (D:8)
  4 ogres
  2 black bears (D:6)
  4 slaves (D:4)
  2 ice beasts
  A necrophage (D:9)
  Blork the orc (D:4)
  A big kobold (D:8)
  4 giant frogs
  2 scorpions
  A crimson imp (D:6)
  A giant frog zombie (D:8)
  2 giant frog skeletons
  An orc priest (D:8)
  A centaur zombie (D:6)
  5 hounds
  Ijyb (D:2)
  3 orc wizards
  4 worker ants
  A killer bee zombie (D:6)
  A hound skeleton (D:9)
  Robin (D:2)
  15 adders
  4 shadow imps
  3 oozes
  A worm (D:4)
  An adder skeleton (D:4)
  A giant gecko (D:9)
  19 orcs
  6 giant cockroaches
  11 goblins
  11 hobgoblins
  3 quokkas
  A ball python (D:1)
  4 bats
  A giant gecko zombie (D:7)
  9 giant newts
  10 jackals
  10 kobolds
  3 rats
168 creatures vanquished.

Vanquished Creatures (others)
  A rakshasa (D:9)
  A kobold (D:8)
2 creatures vanquished.

Grand Total: 170 creatures vanquished

Notes
Turn   | Place    | Note
--------------------------------------------------------------
     0 | D:1      | st0uf the Formicid Fighter began the quest for the Orb.
     0 | D:1      | Reached XP level 1. HP: 18/18 MP: 1/1
    70 | D:1      | Reached XP level 2. HP: 17/24 MP: 2/2
   530 | D:1      | Reached XP level 3. HP: 29/29 MP: 3/3
   569 | D:1      | Reached skill level 4 in Shields
   948 | D:2      | Noticed Ijyb
   964 | D:2      | Killed Ijyb
   964 | D:2      | Reached XP level 4. HP: 35/35 MP: 4/4
  1223 | D:2      | Noticed Robin
  1240 | D:2      | Killed Robin
  1240 | D:2      | Reached skill level 1 in Dodging
  1399 | D:2      | Reached XP level 5. HP: 26/41 MP: 5/5
  1539 | D:2      | Found a blossoming altar of Fedhas.
  1675 | D:3      | Found a glowing silver altar of Zin.
  1948 | D:3      | Found a burning altar of Makhleb.
  1958 | D:3      | Found a shimmering altar of Xom.
  1958 | D:3      | Found a snail-covered altar of Cheibriados.
  1959 | D:3      | Found an ancient bone altar of Kikubaaqudgha.
  1960 | D:3      | Found a stormy altar of Qazlal.
  1963 | D:3      | Became a worshipper of Makhleb the Destroyer
  2142 | D:3      | Found a sacrificial altar of Ru.
  2150 | D:3      | Reached skill level 5 in Shields
  2292 | D:4      | Noticed Blork the orc
  2294 | D:4      | Noticed Edmund
  2332 | D:4      | Noticed bsdbeard's ghost (amateur OpTm)
  2455 | D:3      | Reached XP level 6. HP: 34/48 MP: 6/6
  2518 | D:4      | Noticed Sigmund
  2594 | D:3      | Killed Sigmund
  2594 | D:3      | Reached skill level 5 in Armour
  2594 | D:3      | Reached XP level 7. HP: 15/54 MP: 7/7
  2774 | D:4      | Killed bsdbeard's ghost
  2774 | D:4      | Reached skill level 6 in Shields
  3048 | D:4      | Reached * piety under Makhleb
  3154 | D:4      | Noticed Pikel
  3226 | D:4      | Killed Pikel
  3226 | D:4      | Reached skill level 7 in Shields
  3226 | D:4      | Reached XP level 8. HP: 55/61 MP: 8/8
  3425 | D:4      | Killed Blork the orc
  3425 | D:4      | Reached skill level 5 in Fighting
  3455 | D:4      | Killed Edmund
  3581 | D:5      | Entered Level 5 of the Dungeon
  3689 | D:5      | Noticed Duffy's ghost (novice HEFE)
  3747 | D:5      | Killed Duffy's ghost
  3747 | D:5      | Reached skill level 5 in Long Blades
  3747 | D:5      | Reached skill level 8 in Shields
  3747 | D:5      | Reached XP level 9. HP: 36/68 MP: 9/9
  4516 | D:6      | Reached ** piety under Makhleb
  4630 | D:6      | Found a staircase to the Ecumenical Temple.
  4800 | D:6      | Found an iron altar of Okawaru.
  4813 | D:6      | Reached skill level 9 in Shields
  4908 | D:6      | Found a glowing golden altar of the Shining One.
  4984 | D:6      | Noticed bsdbeard's ghost (novice OpTm)
  5030 | D:6      | Killed bsdbeard's ghost
  5062 | D:6      | Found a bloodstained altar of Trog.
  5080 | D:6      | Reached XP level 10. HP: 75/77 MP: 10/10
  5615 | D:7      | Found a blossoming altar of Fedhas.
  5922 | D:8      | Noticed Erolcha
  6134 | D:8      | Killed Erolcha
  6192 | D:8      | Noticed Psyche
  6218 | D:8      | Killed Psyche
  6884 | D:9      | Reached *** piety under Makhleb
  6901 | D:9      | Found a shadowy altar of Dithmenos.
  7343 | D:9      | Found an oddly glowing altar of Pakellas.
  7343 | D:9      | Noticed a rakshasa
  7388 | D:9      | Killed a rakshasa
  7437 | D:9      | Noticed a hill giant
  7458 | D:9      | Slain by a hill giant

Vault maps used:
D:1:      minmay_arrival_five_plusses, minmay_misc_feat_room
D:2:      minmay_strange_pillars, fedhas_altar_fruit_tree, uniq_robin, uniq_iyjb
D:3:      lemuel_doored_altar, grunt_temple_overflow_open,
          nicolae_overflow_crystal_walls, first_bread
D:4:      uniq_sigmund, uniq_pikel, uniq_edmund, uniq_blork_the_orc
D:5:      minmay_misc_feat_cross
D:6:      okawaru_metal_pillars_1_2, tso_oasis_becter, trog_ov_bears_minmay,
          temple_statues
D:7:      kennysheep_little_box
D:8:      uniq_psyche, uniq_erolcha
D:9:      lemuel_crystal_altar, basic_altar, hangedman_fish_farm,
          gammafunk_pakellas_cloud_experiment

Action                   |  1- 3 |  4- 6 |  7- 9 | 10-12 || total
-------------------------+-------+-------+-------+-------++-------
Melee: Long sword        |   101 |   272 |   489 |   257 ||  1119
 Abil: Dig               |     1 |     2 |     3 |     3 ||     9
  Use: Scroll            |       |       |       |     5 ||     5
       Potion            |       |       |       |     2 ||     2
  Eat: Chunk             |       |     6 |     6 |     6 ||    18
       Meat ration       |       |       |     1 |       ||     1
       Fruit             |       |       |       |     1 ||     1
